 Dungeon Crawl Stone Soup version 0.29-a0-993-g4a18f31a58 (webtiles) character file.

Game seed: 10860685208365897032

7 Hubris850 the Chiller (level 1, 0/14 HPs)
             Began as a Draconian Ice Elementalist on Aug 2, 2022.
             Frozen to death by an endoplasm (5 damage)
             ... on level 1 of the Dungeon.
             The game lasted 00:01:02 (208 turns).

Hubris850 the Chiller (Draconian Ice Elementalist)   Turns: 208, Time: 00:01:04

Health: 0/14       AC:  4    Str: 10    XL:     1   Next: 83%
Magic:  1/3        EV: 12    Int: 15    God:
Gold:   30         SH:  0    Dex: 11    Spells: 3/4 levels left

rFire   . . .      SeeInvis .   b - +0 club
rCold   . . .      Faith    .   (no shield)
rNeg    . . .      Spirit   .   (body armour unavailable)
rPois   .          Reflect  .   (helmet restricted)
rElec   .          Harm     .   (no cloak)
rCorr   .          Rampage  .   (no gloves)
Will    .....                   (no boots)
Stlth   ++........              (no amulet)
HPRegen 0.04/turn               (no ring)
MPRegen 0.08/turn               (no ring)

@: no status effects
A: AC +4, unfitting armour, cold-blooded
a: no special abilities


You were on level 1 of the Dungeon.
You visited 1 branch of the dungeon, and saw 1 of its levels.

You collected 30 gold pieces.

Inventory:

Hand Weapons
 b - a +0 club (weapon)
Potions
 a - a potion of magic


   Skills:
 + Level 1.9 Dodging
 + Level 2.0 Stealth
 + Level 2.1 Spellcasting
 + Level 4.1 Ice Magic


You had 3 spell levels left.
You knew the following spells:

 Your Spells              Type           Power      Damage    Failure   Level
a - Freeze                Ice            52%        1d7       4%          1

Your spell library contained the following spells:

 Spells                   Type           Power      Damage    Failure   Level
 Frozen Ramparts          Ice            26%        1d10      12%         3
 Ozocubu's Armour         Ice            13%        N/A       12%         3
 Hailstorm                Conj/Ice       7%         3d4       67%         4


Dungeon Overview and Level Annotations

Branches:
Dungeon (1/15)

Altars:


Innate Abilities, Weirdness & Mutations

Your plain brown scales are hard. (AC +4)
You cannot fit into any form of body armour.
You are cold-blooded and may be slowed by cold attacks.


Message History

You closely miss the goblin. The goblin completely misses you.
The goblin hits you with a +2 dagger of protection.
You freeze the goblin.
The goblin is moderately wounded.
The goblin closely misses you.
You freeze the goblin.
The goblin is heavily wounded.
The goblin closely misses you.
You freeze the goblin!
You kill the goblin!
Your Stealth skill increases to level 2!
You start resting.
A bat comes into view.
The bat hits you but does no damage. The bat misses you.
You freeze the bat.
The bat is heavily wounded.
The bat hits you but does no damage.
You completely miss the bat.
The bat is heavily wounded.
The bat hits you. The bat hits you but does no damage.
The endoplasm quivers.
The bat hits you but does no damage.
You hit the bat but do no damage.
Your tail-slap misses the bat.
The bat is heavily wounded.
The bat hits you but does no damage. x2
You hit the endoplasm but do no damage.
You punch the endoplasm, but do no damage.
The bat barely misses you. The bat hits you but does no damage.
The endoplasm freezes you.
You are frozen.
The bat hits you but does no damage. The endoplasm freezes you.
You are frozen.
You feel yourself slow down.
You hit the endoplasm but do no damage. You tail-slap the endoplasm.
The endoplasm is moderately wounded.
You feel yourself speed up. The bat hits you but does no damage.
The endoplasm freezes you.
You are frozen.
You die...

♣.♣.~~~.♣.♣#.#
♣.........♣#..
#..♣♣.♣♣..##.### # ##
♣P........#
...........#.#...#
...........#.....#
...................
.....................


You could see an endoplasm and a bat.

Vanquished Creatures
  An endoplasm (D:1)
  2 goblins (D:1)
  A hobgoblin (D:1)
  A kobold (D:1)
5 creatures vanquished.

Notes
Turn   | Place    | Note
-------+----------+-------------------------------------------
     0 | D:1      | Hubris850 the Draconian Ice Elementalist began the quest
                  | for the Orb.
     0 | D:1      | Reached XP level 1. HP: 14/14 MP: 3/3
   208 | D:1      | Frozen to death by an endoplasm

Illustrated notes

Levels and vault maps discovered:
D:1:      tarquinn_simple_flora_water_b, layout_basic, serial_bayou_pond_e,
          minmay_pentomino_p4

Skill      XL: |  1 |
---------------+----+-----
Stealth        | 2 |  2.0
Dodging        | |  1.9
Spellcasting   | |  2.1
Ice Magic      | |  4.1

Action                   || total
-------------------------++-------
Melee: Club              ||    13
       Tailslap          ||     3
       Punch             ||     1
 Cast: Freeze            ||     7
Armor: Skin              ||    10
Dodge: Dodged            ||     9

Table legend: (Time is in decaauts)
 A = Elapsed time spent in this place.
 B = Non-inter-level travel time spent in this place.
 C = Inter-level travel time spent in this place.
 D = Time resting spent in this place.
 E = Time spent auto-exploring this place.
 F = Levels seen in this place.
 G = Mean time per level.
                   A        B        C        D        E       F      G
               +--------+--------+--------+--------+--------+-----+--------+
         Total |    211 |    211 |      0 |     25 |    120 |   1 |  211.0 |
       Dungeon |    211 |    211 |      0 |     25 |    120 |   1 |  211.0 |
               +--------+--------+--------+--------+--------+-----+--------+

Top non-repeatable levels by time:
     D:1: 211 daAuts
